 Dungeon Crawl Stone Soup version 0.27-a0-379-g34d631faf5 (console) character file.

Game seed: 6036465876613161245

1301 Garrluk the Cleaver (level 8, -4/68 HPs)
             Began as a Deep Dwarf Berserker on Feb 17, 2021.
             Was a Believer of Trog.
             Slain by Maggie
             ... wielding a +2 broad axe of electrocution
              (6 damage)
             ... on level 8 of the Dungeon.
             The game lasted 00:11:56 (1241 turns).

Garrluk the Cleaver (Deep Dwarf Berserker)          Turns: 1241, Time: 00:11:57

Health: -4/68      AC:  9    Str: 23    XL:     8   Next: 31%
Magic:  8/8        EV:  8    Int:  8    God:    Trog [**....]
Gold:   135        SH:  0    Dex: 12    Spells: 7/7 levels left

rFire    . . .     SeeInvis .   n - +2 hand axe (elec)
rCold    . . .     Faith    .   (no shield)
rNeg     . . .     Spirit   .   e - +0 chain mail
rPois    .         Reflect  .   (helmet restricted)
rElec    .         Harm     .   (no cloak)
rCorr    .         Rampage  .   a - +0 pair of gloves
Will     +++..                  (no boots)
Stlth    ..........             (no amulet)
HPRegen  1.00/turn              (no ring)
MPRegen  0.11/turn              (no ring)

@: mighty, lethally poisoned (-4 -> -4), berserk cooldown, attractive,
non-regenerating, slowed, very slow
A: damage resistance, heal wounds, antennae 1, blurry vision 2, sense
surroundings 1, no regeneration
a: Heal Wounds, Renounce Religion, Berserk, Trog's Hand


You were on level 8 of the Dungeon.
You worshipped Trog.
Trog was pleased with you.
You visited 1 branch of the dungeon, and saw 8 of its levels.

You collected 135 gold pieces.

Notes
Turn   | Place    | Note
-------+----------+-------------------------------------------
     0 | D:1      | Garrluk the Deep Dwarf Berserker began the quest for the
                  | Orb.
     0 | D:1      | Reached XP level 1. HP: 20/20 MP: 1/1
   102 | D:1      | Reached XP level 2. HP: 22/27 MP: 2/2
   136 | D:2      | Reached skill level 4 in Axes
   192 | D:2      | Found a white marble altar of Elyvilon.
   221 | D:2      | Reached XP level 3. HP: 3/33 MP: 3/3
   227 | D:2      | HP: 1/33 [quokka (2)]
   240 | D:2      | Reached skill level 5 in Axes
   255 | D:2      | Found a shadowy altar of Dithmenos.
   296 | D:2      | Reached ** piety under Trog
   359 | D:3      | Reached XP level 4. HP: 40/40 MP: 4/4
   393 | D:3      | Noticed Ijyb
   400 | D:3      | Found an iron altar of Okawaru.
   415 | D:3      | Killed Ijyb
   416 | D:3      | Reached skill level 6 in Axes
   462 | D:3      | Noticed Terence
   481 | D:3      | Killed Terence
   482 | D:3      | Reached XP level 5. HP: 44/46 MP: 5/5
   567 | D:4      | Reached skill level 7 in Axes
   628 | D:5      | Entered Level 5 of the Dungeon
   674 | D:5      | Reached XP level 6. HP: 50/55 MP: 6/6
   768 | D:6      | Reached skill level 8 in Axes
   961 | D:7      | Found a basalt altar of Yredelemnul.
   968 | D:7      | Reached XP level 7. HP: 35/61 MP: 7/7
   987 | D:7      | Reached skill level 9 in Axes
  1028 | D:7      | Reached skill level 10 in Axes
  1087 | D:8      | Noticed Maggie
  1119 | D:7      | Found a burning altar of Makhleb.
  1203 | D:8      | Reached XP level 8. HP: 64/68 MP: 8/8
  1221 | D:8      | Reached skill level 11 in Axes
  1239 | D:8      | Gained mutation: Scrolls take you a little longer to read.
                  | [potion of mutation]
  1239 | D:8      | Gained mutation: Scrolls take you longer to read. [potion
                  | of mutation]
  1239 | D:8      | Gained mutation: You have a pair of small antennae on your
                  | head. [potion of mutation]
  1241 | D:8      | HP: 2/68 [Maggie/+2 broad axe of electrocution (6)]
  1241 | D:8      | Slain by Maggie

Inventory:

Hand Weapons
 l - a +4 war axe of freezing
   (You took it off a wight on level 7 of the Dungeon)
 n - a +2 hand axe of electrocution (weapon)
   (You found it on level 4 of the Dungeon)
 o - a +4 war axe
   (You took it off a wight on level 7 of the Dungeon)
Missiles
 c - 57 bolts
 h - 5 stones
 m - 5 boomerangs (quivered)
Armour
 a - a +0 pair of gloves (worn)
   (You found it on level 6 of the Dungeon)
 e - a +0 chain mail (worn)
   (You found it on level 7 of the Dungeon)
 f - a +0 helmet
   (You found it on level 2 of the Dungeon)
Jewellery
 g - a ring of ice
   (You found it on level 2 of the Dungeon)
Wands
 j - a wand of random effects (7)
   (You took it off Ijyb on level 3 of the Dungeon)
 q - a wand of polymorph (12)
   (You found it on level 7 of the Dungeon)
Scrolls
 d - 2 scrolls of teleportation
 p - a scroll of identify
Potions
 b - a potion of mutation
 k - a potion of attraction

Table legend: (Time is in decaauts)
 A = Elapsed time spent in this place.
 B = Non-inter-level travel time spent in this place.
 C = Inter-level travel time spent in this place.
 D = Time resting spent in this place.
 E = Time spent auto-exploring this place.
 F = Levels seen in this place.
 G = Mean time per level.
                   A        B        C        D        E       F      G
               +--------+--------+--------+--------+--------+-----+--------+
         Total |   1274 |   1255 |     19 |      0 |      0 |   8 |  159.2 |
       Dungeon |   1274 |   1255 |     19 |      0 |      0 |   8 |  159.2 |
               +--------+--------+--------+--------+--------+-----+--------+

Top non-repeatable levels by time:
     D:7: 376 daAuts
     D:2: 230 daAuts
     D:3: 194 daAuts
     D:1: 130 daAuts
     D:4: 121 daAuts
     D:6: 93 daAuts
     D:5: 87 daAuts
     D:8: 39 daAuts


   Skills:
 - Level 2.6 Fighting
 * Level 11.4 Axes
 - Level 2.1 Armour
 - Level 2.1 Dodging


You had 7 spell levels left.
You didn't know any spells.
Your spell library was empty.

Dungeon Overview and Level Annotations

Branches:
Dungeon (8/15)
 Temple: D:4-7         Lair: D:8-11

Altars:
Dithmenos
Elyvilon
Makhleb
Okawaru
Yredelemnul

Annotations:
D:8 Maggie


Innate Abilities, Weirdness & Mutations

You are resistant to damage.
You can heal yourself by infusing magical energy.
You passively map a small area around you.
You do not regenerate.
You have a pair of small antennae on your head.
Scrolls take you longer to read.


Message History

The killer bee stings you.
You barely miss the killer bee.
The killer bee is almost dead.
The killer bee misses you.
You slice the killer bee!!
You kill the killer bee!
Trog accepts your kill.
Maggie zaps a wand.
The bolt of acid hits you.
You are splashed with acid!
You are no longer berserk.
You are exhausted.
You feel yourself slow down.
You see here a killer bee corpse.
You hit Maggie but do no damage. Maggie casts a spell at you.
The bolt of fire hits you!
You barely miss Maggie.
Maggie casts a spell.
Maggie attempts to bespell you! You resist with some effort.
You completely miss Maggie.
Maggie zaps a wand.
The bolt of acid hits you!!
* * * LOW HITPOINT WARNING * * *
You are splashed with acid!
* * * LOW HITPOINT WARNING * * *
Your skin crawls.
You feel strong-willed. Maggie closely misses you.
Maggie casts a spell.
Maggie attempts to bespell you! You resist with some effort.
It was a potion of mutation.
You feel extremely strange.
Your vision blurs. x2; A pair of antennae grows on your head!
Your +0 helmet falls away!
Maggie hits you with a +2 broad axe of electrocution.
It was a potion of attraction.
You feel attractive to monsters.
Maggie hits you with a +2 broad axe of electrocution.
* * * LOW HITPOINT WARNING * * *
You feel very mighty all of a sudden.
Maggie hits you with a +2 broad axe of electrocution!
* * * LOW HITPOINT WARNING * * *
You are electrocuted!
You die...

* * , * , , #........(.
#..........# <
#.)........# *
#..........# * **
..........# , *
##...>)...## .,
#..........# ,
..############..).......#
...)....J5@@.....<......#
,
.........#####...))...>.#
, ..(......# #..........#
, .....yy<.# ##........##
.@..yy[....# ##......##
.#########(.# ####.###
..# .# , * .5. * ## *#. *
** ,* , * , ,


You could see Maggie, a jelly and an ufetubus.

Table legend:
 A = Kills in this place as a percentage of kills in entire the game.
 B = Kills by you in this place as a percentage of kills by you in the entire game.
 C = Kills by friends in this place as a percentage of kills by friends in the entire game.
 D = Other kills in this place as a percentage of other kills in the entire game.
 E = Experience gained in this place as a percentage of experience gained in the entire game.
 F = Experience gained in this place divided by the number of levels of this place that you have seen.
                   A       B       C       D       E      F
               +-------+-------+-------+-------+-------+----------------------
         Total | 100.0 | 100.0 |   N/A |   N/A | 100.0 | 232.4
       Dungeon | 100.0 | 100.0 |   N/A |   N/A | 100.0 | 232.4
               +-------+-------+-------+-------+-------+----------------------

Vanquished Creatures
  Monster Symbol All '5'
  A shadow imp (D:6)
  An ufetubus (D:8)
2 creatures vanquished. All '@' Terence (D:3)
1 creature vanquished. All 'B' 4 giant cockroaches
4 creatures vanquished. All 'F' A bullfrog (D:6)
1 creature vanquished. All 'J' 2 jellies (D:7) An ooze (D:6)
3 creatures vanquished. All 'K' 3 kobolds
3 creatures vanquished. All 'M' 3 mummies (D:7)
3 creatures vanquished. All 'O' An ogre (D:7)
1 creature vanquished. All 'S' 5 adders A ball python (D:3)
6 creatures vanquished. All 'Z' 5 human zombies (D:7) A human skeleton (D:7) A killer bee zombie (D:7)
7 creatures vanquished. All 'b' 6 bats
6 creatures vanquished. All 'g' A gnoll shaman (D:4) Ijyb (D:3) 8 gnolls 2 goblins 3 hobgoblins (D:3)
15 creatures vanquished. All 'h' 9 jackals
9 creatures vanquished. All 'n' A necrophage (D:7)
1 creature vanquished. All 'o' An orc warrior (D:8) An orc priest (D:5) 2 orc wizards 9 orcs
13 creatures vanquished. All 'r' 3 quokkas A rat (D:1)
4 creatures vanquished. All 'w' A worm (D:3) A dart slug (D:1)
2 creatures vanquished. All 'y' 5 killer bees (D:8)
5 creatures vanquished. All 'z' 2 wights (D:7)
2 creatures vanquished.
88 creatures vanquished. Monster Nature Uniques Ijyb (D:3) Terence (D:3)
2 creatures vanquished. Natural Monsters An orc warrior (D:8) An ogre (D:7) A bullfrog (D:6) 5 killer bees (D:8) 2 jellies (D:7) An orc priest (D:5) A gnoll shaman (D:4) 2 orc wizards 8 gnolls 5 adders An ooze (D:6) A worm (D:3) A dart slug (D:1) 9 orcs A ball python (D:3) 4 giant cockroaches 2 goblins 3 hobgoblins (D:3) 9 jackals 3 kobolds 3 quokkas 6 bats A rat (D:1)
71 creatures vanquished. Undead Monsters A necrophage (D:7) 2 wights (D:7) 5 human zombies (D:7) A human skeleton (D:7) A killer bee zombie (D:7) 3 mummies (D:7)
13 creatures vanquished. Demonic Monsters A shadow imp (D:6) An ufetubus (D:8)
2 creatures vanquished.
88 creatures vanquished. Ascending Order An orc warrior (D:8) A necrophage (D:7) An ogre (D:7) A bullfrog (D:6) An orc priest (D:5) A gnoll shaman (D:4) Ijyb (D:3) Terence (D:3) A human skeleton (D:7) A killer bee zombie (D:7) A shadow imp (D:6) An ufetubus (D:8) An ooze (D:6) A worm (D:3) A dart slug (D:1) A ball python (D:3) A rat (D:1) 2 wights (D:7) 2 jellies (D:7) 2 orc wizards 2 goblins 3 mummies (D:7) 3 kobolds 3 quokkas 3 hobgoblins (D:3) 4 giant cockroaches 5 killer bees (D:8) 5 human zombies (D:7) 5 adders 6 bats 8 gnolls 9 orcs 9 jackals
88 creatures vanquished.

Action                   |  1- 3 |  4- 6 |  7- 9 || total
-------------------------+-------+-------+-------++-------
Melee: Hand axe          |    94 |   131 |    77 ||   302
       War axe           |       |       |     5 ||     5
Throw: Boomerang         |       |     1 |    10 ||    11
Invok: Berserk           |     2 |     3 |     1 ||     6
       Trog's Hand       |       |     3 |     3 ||     6
 Abil: Heal Wounds       |     1 |       |       ||     1
  Use: Potion            |     1 |       |     3 ||     4
       Scroll            |       |     4 |       ||     4
Armor: Animal skin       |    31 |     6 |       ||    37
       Scale mail        |       |    21 |       ||    21
       Chain mail        |       |    15 |    31 ||    46
Dodge: Dodged            |    98 |    41 |    14 ||   153
